cohdb
Replays
Latest Replays
All Replays
Popular Replays
Top Player Replays
Match Explorer
How It Works
Community
CoH3 Stats
Reddit
Sign in to upload your games and track your stats! →
Sign in with Steam
Match 39261276
Unlisted
Match 39261276
Overview
Messages
Build Orders
End
Royal Engineer Section
Construct Section Command Post
Dingo Light Scout Car
Infantry Section
Infantry Section
Construct Platoon Command Post
Construct Field Infirmary
Selects Heavy Armor Battlegroup
Selects Rigorous Vehicle Training
Grenade Package
Construct Company Command Post
Foot Guards Section
Selects Light Vehicle Withdraw and Refit
Selects Forward Repair Assembly
Selects Recon Artillery
Unlock M3 Grant Medium Tanks
6-pounder Anti-tank Gun Team
Recon Artillery
Infantry Section
M3 Grant Medium Tank
Royal Engineer Section
Seb343
Ninja2821
SexyLobster
UH|dun! ツ
insane
iceman
0
0
Comments
sign in to comment!
No comments posted yet!